 Dungeon Crawl Stone Soup version 0.32-a0-33-g74fbe469d6 (webtiles) character file.

Game seed: 7756761645825326923

2780 pokeman the Thaumaturge (level 9, -5/50 HPs)
             Began as a Deep Elf Hedge Wizard on Jan 20, 2024.
             Was a Believer of Vehumet.
             Succumbed to BubbleThief's ghost's toxic radiance
             ... on level 5 of the Dungeon.
             The game lasted 00:16:34 (8510 turns).

pokeman the Thaumaturge (Deep Elf Hedge Wizard)     Turns: 8510, Time: 00:16:35

Health: -5/50      AC:  3    Str: 11    XL:     9   Next: 43%
Magic:  26/26      EV: 13    Int: 24    God:    Vehumet [**....]
Gold:   255        SH:  0    Dex: 14    Spells: 12/30 levels left

rFire   + . .        q - +7 short sword "Huthruif" {venom, rC+ Str+4}
rCold   . . .        (no shield)
rNeg    . . .        b - +0 robe
rPois   .            c - +0 hat
rElec   .            a - +0 cloak
rCorr   .            (no gloves)
SInv    .            (no boots)
Will    .....        (no amulet)
Stlth   ++           B - ring of flight
HPRegen 0.28/turn    u - ring of fire
MPRegen 0.20/turn

%: no passive effects
@: lethally poisoned (-5 -> -22), flying
A: no striking features
a: Renounce Religion


You were on level 5 of the Dungeon.
You worshipped Vehumet.
Vehumet was pleased with you.
You visited 1 branch of the dungeon, and saw 8 of its levels.

You collected 465 gold pieces.
You spent 210 gold pieces at shops.

Inventory:

Hand Weapons
 k - the +3 trident "Orb Guardian's Peril" {holy, Str+3 Int+3}
   (You found it on level 2 of the Dungeon)

   Str+3:     It affects your strength (+3).
   Int+3:     It affects your intelligence (+3).
 q - the +7 short sword "Huthruif" (weapon) {venom, rC+ Str+4}
   (You took it off a hobgoblin on level 2 of the Dungeon)

   Str+4:     It affects your strength (+4).
   rC+:       It protects you from cold.
Missiles
 I - 5 curare-tipped darts
Armour
 a - a +0 cloak (worn)
 b - a +0 robe (worn)
 c - a +0 hat (worn)
Magical Staves
 G - a staff of alchemy
Jewellery
 f - a ring of see invisible
 u - a ring of fire (right hand)
 B - a ring of flight (left hand)
 E - a ring of ice
Wands
 v - a wand of flame (21)
 z - a wand of charming (15)
 J - a wand of mindburst (17)
 K - a wand of digging (8)
 L - a wand of polymorph (2)
Scrolls
 e - 2 scrolls of blinking {unknown}
 h - 17 scrolls of identify {unknown}
 j - 2 scrolls of noise {unknown}
 l - 6 scrolls of teleportation {unknown}
 m - a scroll of immolation {unknown}
 n - 2 scrolls of enchant armour {unknown}
 t - a scroll of torment {unknown}
 w - 2 scrolls of fog {unknown}
 x - a scroll of silence {unknown}
 C - 2 scrolls of vulnerability {unknown}
 F - a scroll of revelation {unknown}
 H - a scroll of amnesia {unknown}
Potions
 d - 3 potions of magic
 g - 3 potions of haste {unknown}
 i - 11 potions of curing
 o - a potion of lignification {unknown}
 p - 2 potions of enlightenment {unknown}
 r - 3 potions of might {unknown}
 s - a potion of brilliance {unknown}
 A - a potion of cancellation {unknown}
 D - a potion of heal wounds
 M - a potion of berserk rage {unknown}
 N - a potion of attraction {unknown}


   Skills:
 - Level 3.0 Fighting
 + Level 2.1 Armour
 - Level 3.0 Dodging
 - Level 3.0 Stealth
 - Level 2.1 Shields
 * Level 11.4 Spellcasting
 + Level 6.2 Conjurations
 - Level 1.1 Summonings
 - Level 1.1 Translocations
 + Level 5.5 Fire Magic
 - Level 1.0 Air Magic
 - Level 1.0 Earth Magic
 - Level 1.0 Alchemy
 - Level 1.0 Evocations


You had 12 spell levels left.
You knew the following spells:

 Your Spells              Type           Power      Damage    Failure   Level
a - Magic Dart            Conj           100%       1d8       1%          1
b - Mephitic Cloud        Conj/Alch/Air  26%        N/A       4%          3
c - Call Imp              Summ           38%        N/A       4%          2
d - Blink                 Tloc           38%        N/A       4%          2
e - Foxfire               Conj/Fire      100%       2x1d9     1%          1
f - Stone Arrow           Conj/Erth      62%        3d10      3%          3
g - Starburst             Conj/Fire      29%        6d9       54%         6

Your spell library contained the following spells:

 Spells                   Type           Power      Damage    Failure   Level
 Volatile Blastmotes      Fire/Tloc      88%        2d17      3%          3
 Searing Ray              Conj           86%        2d7       1%          2
 Sandblast                Erth           36%        2d10      3%          1
 Hailstorm                Conj/Ice       28%        3d8       3%          3
 Freeze                   Ice            52%        1d6       4%          1
 Slow                     Hex            52%        N/A       4%          1
 Cigotuvi's Dreadful Rot  Necr/Alch/Air  34%        N/A       5%          2
 Jinxbite                 Hex            26%        N/A       7%          2
 Gell's Gravitas          Tloc           19%        N/A       9%          3
 Teleport Other           Tloc           19%        N/A       9%          3
 Fulminant Prism          Conj/Alch      15%        3d10      11%         4
 Frozen Ramparts          Ice            26%        1d4       14%         3
 Fugue of the Fallen      Necr           13%        N/A       14%         3
 Ozocubu's Armour         Ice            13%        N/A       14%         3
 Animate Armour           Summ/Erth      36%        N/A       28%         4
 Manifold Assault         Tloc           19%        N/A       28%         4
 Yara's Violent Unravell  Hex/Alch       8%         3d5       71%         5
 Plasma Beam              Fire/Air       22%        2x1d34    88%         6
 Dispersal                Tloc           9%         N/A       99%         6
 Enfeeble                 Hex            6%         N/A       100%        7
 Lehudib's Crystal Spear  Conj/Erth      15%        10d5      100%        8


Dungeon Overview and Level Annotations

Branches:
Dungeon (8/15)             Temple (0/1) D:6
   Lair: D:8-11

Altars:
Dithmenos
Fedhas
Gozag
Kikubaaqudgha
Ru
Sif Muna
Trog
Uskayaw
Vehumet
Xom
Yredelemnul
Zin
The Shining One

Shops:
D:6 !

Annotations:
D:6 BubbleThief's ghost, novice NaAl
D:8 3 runed translucent doors, sokol815's ghost, novice OpGl


Message History

BubbleThief's ghost's toxic aura wanes.
Your cerulean imp hits BubbleThief's ghost but does no damage.
BubbleThief's ghost hits your cerulean imp but does no damage.
You feel very sick.
Your cerulean imp hits BubbleThief's ghost but does no damage.
BubbleThief's ghost completely misses your cerulean imp.
You feel very sick.
Your cerulean imp hits BubbleThief's ghost with a -3 spear.
BubbleThief's ghost completely misses your cerulean imp.
You feel very sick.
Your cerulean imp barely misses BubbleThief's ghost.
BubbleThief's ghost hits your cerulean imp.
BubbleThief's ghost burns your cerulean imp.
You feel very sick.
Your cerulean imp barely misses BubbleThief's ghost.
BubbleThief's ghost casts a spell.
BubbleThief's ghost begins to radiate toxic energy.
You are lethally poisoned!
* * * LOW HITPOINT WARNING * * *
You feel very sick.
* * * LOW HITPOINT WARNING * * *
You are more poisoned.
Your cerulean imp hits BubbleThief's ghost with a -3 spear.
You feel better.
* * * LOW HITPOINT WARNING * * *
You are poisoned.
Your cerulean imp hits BubbleThief's ghost with a -3 spear.
* * * LOW HITPOINT WARNING * * *
You feel very sick.
* * * LOW HITPOINT WARNING * * *
You are more poisoned.
Your cerulean imp hits BubbleThief's ghost but does no damage.
There is a stone staircase leading up here.
* * * LOW HITPOINT WARNING * * *
You feel very sick.
* * * LOW HITPOINT WARNING * * *
You are more poisoned.
Your cerulean imp hits BubbleThief's ghost but does no damage.
You fly upwards.
You die...

####### #
#...#.####### #
#...#.......# #
#...#.##....## #
#..@...+.....#######
#...#'##.......#....
#......#.....#.#....
#............#.#....
#............#.####.
##'#...#.###†#...##.
#.#................
#.#...##.#....#.##.
#.######.#..#.#.##.


There were no monsters in sight!

Vanquished Creatures
  A water moccasin (D:6)
  Duvessa (D:6)
  2 ice beasts (D:7)
  A sky beast (D:8)
  A black bear (D:5)
  An ogre (D:6)
  6 centaurs
  2 phantoms
  2 kobold brigands (D:8)
  Blork the orc (D:5)
  A bullfrog (D:6)
  A scorpion (D:6)
  Dowan (D:6)
  A howler monkey (D:5)
  3 jellies
  6 orc priests
  4 bombardier beetles
  3 hounds
  2 sleepcaps
  Jessica (D:2)
  3 iguanas
  12 orc wizards
  A gnoll (D:5)
  3 adders
  3 white imps (D:7)
  2 dart slugs
  5 ribbon worms (D:3)
  15 orcs
  6 ball pythons
  16 endoplasms
  4 giant cockroaches
  8 goblins
  5 hobgoblins
  4 jackals (D:2)
  25 kobolds
  3 quokkas
  5 bats
  3 frilled lizards
  9 rats
173 creatures vanquished.

Vanquished Creatures (others)
  545 foxfires
545 creatures vanquished.

Grand Total: 718 creatures vanquished

Notes
Turn   | Place    | Note
-------+----------+-------------------------------------------
     0 | D:1      | pokeman the Deep Elf Hedge Wizard began the quest for the
                  | Orb.
     0 | D:1      | Reached XP level 1. HP: 10/10 MP: 7/7
   261 | D:1      | Reached XP level 2. HP: 16/16 MP: 2/9
   677 | D:1      | Reached skill level 5 in Spellcasting
  1090 | D:1      | Reached XP level 3. HP: 20/20 MP: 6/11
  1094 | D:1      | Learned a level 3 spell: Mephitic Cloud
  1097 | D:1      | Learned a level 2 spell: Call Imp
  1100 | D:1      | Learned a level 2 spell: Blink
  1290 | D:2      | Noticed Jessica
  1293 | D:2      | Killed Jessica
  1294 | D:2      | Reached skill level 1 in Fighting
  1294 | D:2      | Reached skill level 1 in Armour
  1294 | D:2      | Reached XP level 4. HP: 25/25 MP: 8/13
  1420 | D:2      | Identified the +3 trident "Orb Guardian's Peril" {holy,
                  | Str+3 Int+3}
  1451 | D:2      | Learned a level 1 spell: Foxfire
  1664 | D:2      | Identified the +7 short sword "Huthruif" {venom, rC+ Str+4}
  2239 | D:3      | Found a radiant altar of Vehumet.
  2247 | D:3      | Became a worshipper of Vehumet
  2375 | D:3      | Reached skill level 6 in Spellcasting
  2558 | D:3      | Reached XP level 5. HP: 29/29 MP: 9/15
  3021 | D:3      | Found a faded altar of an unknown god.
  3188 | D:3      | Found a bloodstained altar of Trog.
  3705 | D:4      | Found a glowing silver altar of Zin.
  4009 | D:4      | Reached * piety under Vehumet
  4009 | D:4      | Offered knowledge of Sandblast by Vehumet.
  4012 | D:4      | Reached skill level 1 in Alchemy
  4073 | D:4      | Found a basalt altar of Yredelemnul.
  4073 | D:4      | Found a shadowy altar of Dithmenos.
  4073 | D:4      | Found a bloodstained altar of Trog.
  4073 | D:4      | Found a blossoming altar of Fedhas.
  4073 | D:4      | Found an ancient bone altar of Kikubaaqudgha.
  4073 | D:4      | Found a glowing golden altar of the Shining One.
  4097 | D:4      | Reached XP level 6. HP: 22/34 MP: 17/17
  4115 | D:4      | Reached skill level 1 in Fire Magic
  4115 | D:4      | Reached skill level 1 in Air Magic
  4115 | D:4      | Reached skill level 1 in Evocations
  4612 | D:5      | Entered Level 5 of the Dungeon
  4618 | D:5      | Noticed Blork the orc
  4625 | D:5      | Killed Blork the orc
  4626 | D:5      | Reached skill level 7 in Spellcasting
  4628 | D:5      | Reached skill level 1 in Shields
  4700 | D:5      | Reached XP level 7. HP: 38/38 MP: 8/19
  4848 | D:5      | Learned a level 6 spell: Starburst
  4887 | D:5      | Reached skill level 8 in Spellcasting
  4898 | D:5      | Offered knowledge of Momentum Strike by Vehumet.
  4907 | D:5      | Reached ** piety under Vehumet
  4908 | D:5      | Reached XP level 8. HP: 43/43 MP: 0/22
  5450 | D:6      | Reached skill level 9 in Spellcasting
  5506 | D:6      | Found a shimmering blue altar of Sif Muna.
  5527 | D:6      | Got Sif Muna's Spellbook of the Geologist
  5568 | D:6      | Found a runed translucent door.
  5568 | D:6      | Noticed BubbleThief's ghost (novice NaAl)
  5588 | D:6      | Found Ysuag's Distillery.
  5597 | D:6      | Bought a potion of curing for 42 gold pieces
  5597 | D:6      | Bought a potion of degeneration for 14 gold pieces
  5597 | D:6      | Bought a potion of heal wounds for 70 gold pieces
  5597 | D:6      | Bought 2 potions of curing for 84 gold pieces
  5757 | D:6      | Found a staircase to the Ecumenical Temple.
  6055 | D:6      | Noticed Duvessa
  6055 | D:6      | Noticed Dowan
  6066 | D:6      | Killed Dowan
  6067 | D:6      | Reached skill level 5 in Conjurations
  6071 | D:6      | Killed Duvessa
  6080 | D:6      | Reached skill level 10 in Spellcasting
  6502 | D:6      | Found a sacrificial altar of Ru.
  6621 | D:7      | Reached XP level 9. HP: 35/48 MP: 11/25
  6789 | D:7      | Reached skill level 5 in Fire Magic
  7046 | D:7      | Reached skill level 11 in Spellcasting
  7263 | D:7      | Found a shimmering altar of Xom.
  7341 | D:7      | Offered knowledge of Volatile Blastmotes by Vehumet.
  7489 | D:8      | Learned a level 3 spell: Stone Arrow
  7568 | D:8      | Found an opulent altar of Gozag.
  7926 | D:8      | Reached skill level 1 in Earth Magic
  8218 | D:8      | Found a hide-covered altar of Uskayaw.
  8243 | D:8      | Found a runed translucent gate.
  8245 | D:8      | Found a runed translucent gate.
  8246 | D:8      | Found a runed translucent gate.
  8255 | D:8      | Noticed sokol815's ghost (novice OpGl)
  8509 | D:6      | HP: 1/50 [BubbleThief's ghost/Olgreb's Toxic Radiance (5)]
  8510 | D:5      | Succumbed to BubbleThief's ghost's toxic radiance

Illustrated notes

Levels and vault maps discovered:
D:1:      minmay_arrival_diagonal_passages, layout_loops_ring
D:2:      layout_rooms, serial_curves, eino_curves_03, eino_curves_02,
          eino_curves_04, eino_curves_03, minmay_misc_feat_encased,
          minmay_misc_feat_columns, minmay_surrounded, uniq_jessica
D:3:      layout_loops_corners, mainiacjoe_overflow_small_starburst,
          trog_three_pillars_becter, nicolae_ecumenical_lake_church,
          nicolae_wormholes
D:4:      cheibrodos_fertilizer, layout_basic, nicolae_overflow_hidden_temple,
          kennysheep_donut
D:5:      layout_basic, minmay_crystal_room, minivault_4,
          minmay_chambers_of_fives, uniq_blork_the_orc
D:6:      layout_basic, mainiacjoe_overflow_chevrons, led_sif_book,
          minmay_temple_entry_junction, serial_shops, shop,
          hellmonk_ghost_happy_afterlife, uniq_duvessa
D:7:      layout_rooms, regret_index_xom_buried_treasure
D:8:      layout_loops_ring, grunt_gozag_breadcrumbs,
          mainiacjoe_overflow_boulevard, biasface_ghost_orc_armoury,
          nicolae_concentric_dashed_squares_mild

Skill      XL: |  1  2  3  4  5  6  7  8  9 |
---------------+----------------------------+-----
Spellcasting   | 5 6 7 8 10 11 | 11.4
Fighting       | 1 2 3 |  3.0
Armour         | 1 2 |  2.1
Conjurations   | 2 3 4 5 6 |  6.2
Stealth        | 3 |  3.0
Dodging        | 3 |  3.0
Alchemy        | 1 |  1.0
Fire Magic     | 2 3 4 5 |  5.5
Air Magic      | 1 |  1.0
Evocations     | 1 |  1.0
Shields        | 1 2 |  2.1
Earth Magic    | 1 |  1.0
Summonings     | |  1.1
Translocations | |  1.1

Action                     |  1- 3 |  4- 6 |  7- 9 || total
---------------------------+-------+-------+-------++-------
  Melee: Dagger            |    10 |       |       ||    10
         Punch             |     1 |       |       ||     1
         Short sword       |       |    39 |    30 ||    69
         Trident           |       |     7 |       ||     7
   Cast: Magic Dart        |    68 |    21 |     6 ||    95
         Mephitic Cloud    |     1 |       |    11 ||    12
         Foxfire           |       |   125 |   187 ||   312
         Stone Arrow       |       |       |     6 ||     6
         Call Imp          |       |       |     1 ||     1
  Evoke: Wand              |       |       |     1 ||     1
    Use: Potion            |       |       |     1 ||     1
   Stab: Confused          |       |       |     5 ||     5
 Armour: Robe              |     7 |    21 |    30 ||    58
  Dodge: Dodged            |     7 |    29 |    32 ||    68

Table legend: (Time is in decaauts)
 A = Elapsed time spent in this place.
 B = Non-inter-level travel time spent in this place.
 C = Inter-level travel time spent in this place.
 D = Time resting spent in this place.
 E = Time spent auto-exploring this place.
 F = Levels seen in this place.
 G = Mean time per level.
                   A        B        C        D        E       F      G
               +--------+--------+--------+--------+--------+-----+--------+
         Total |   8514 |   8145 |    369 |      7 |   7098 |   8 | 1064.2 |
       Dungeon |   8514 |   8145 |    369 |      7 |   7098 |   8 | 1064.2 |
               +--------+--------+--------+--------+--------+-----+--------+

Top non-repeatable levels by time:
     D:3: 1260 daAuts
     D:4: 1235 daAuts
     D:1: 1173 daAuts
     D:6: 1142 daAuts
     D:2: 1015 daAuts
     D:8: 937 daAuts
     D:7: 893 daAuts
     D:5: 856 daAuts
